Map: Amygdala

Players

ByuN

  • Race: Terran Terran
  • Spawn Location: 1:00

FalconsSolar (Solar) - Winner!

  • Race: Zerg Zerg
  • League: Master
  • Spawn Location: 7:00

VOD

Have the link to the VOD?

Description

Time

  • Played on: April 16, 2025, 9:27 a.m.
  • Length: 23:07
Show
View Real Time Build Order
Export as new Build Order

ByuN Terran 

Build Orders: Reaper Expand, Hellion Banshee 

Get SALT Encoding   

  12  0:00  SCV  
  13  0:12  SCV  
  14  0:16  Supply Depot  
  14  0:24  SCV  
  15  0:38  SCV  
  15  0:40  Barracks  
  16  0:43  Refinery  
  16  0:50  SCV  
  17  1:02  SCV  
  18  1:14  SCV  
  19  1:26  Reaper  
  19  1:27  Orbital Command  
  20  1:39  Command Center  
  20  1:48  Supply Depot  
  20  1:52  SCV  
  21  1:58  Marine  
  22  2:04  SCV  
  22  2:06  Factory  
  23  2:16  SCV  
  25  2:23  Barracks Reactor  
  25  2:28  SCV  
  25  2:40  SCV  
  25  2:41  Command Center  
  26  2:51  Orbital Command  
  26  2:53  SCV  
  26  2:57  Starport  
  27  3:00  Refinery  
  28  3:05  SCV  
  28  3:10  Hellion  
  28  3:11  Hellion  
  32  3:13  Barracks Tech Lab  
  32  3:17  SCV  
  32  3:18  SCV  
  34  3:29  SCV  
  34  3:30  SCV  
  34  3:32  Hellion  
  34  3:33  Hellion  
  40  3:42  Banshee, Marine, SCV x2  
  46  3:53  Cloaking Field  
  46  3:54  SCV x2  
  50  3:55  Hellion  
  50  3:56  Hellion  
  52  4:03  Barracks Tech Lab  
  52  4:06  SCV x2  
  52  4:09  Orbital Command  
  54  4:18  SCV x2  
  54  4:22  Supply Depot x2  
  56  4:28  Factory Reactor  
  56  4:29  Banshee  
  56  4:30  SCV x2  
  61  4:33  Orbital Command  
  61  4:41  Barracks  
  61  4:43  Barracks, Marine, SCV x2  
  61  4:44  Stimpack  
  64  4:48  Supply Depot  
  64  4:52  Refinery  
  64  4:58  Engineering Bay  
  64  4:59  SCV x3  
  67  5:00  Engineering Bay  
  67  5:02  Marine  
  68  5:11  SCV x2  
  68  5:12  SCV  
  71  5:14  Refinery  
  71  5:20  Marine  
  72  5:21  Barracks  
  72  5:22  Barracks, Starport Reactor  
  72  5:24  SCV  
  72  5:26  SCV  
  72  5:28  Terran Infantry Armor Level 1, Terran Infantry Weapons Level 1  
  74  5:32  Marine x2  
  74  5:33  Supply Depot  
  74  5:34  Supply Depot  
  76  5:36  SCV  
  76  5:38  Marine  
  76  5:39  SCV  
  76  5:40  SCV  
  80  5:43  Siege Tank  
  80  5:49  SCV  
  84  5:50  Marine  
  84  5:54  Marine  
  84  5:55  Marine x2  
  84  5:56  Marine  
  90  5:57  SCV x2  
  90  6:01  SCV  
  90  6:03  Supply Depot  
  92  6:04  Supply Depot  
  92  6:09  SCV x2  
  94  6:12  Armory  
  94  6:13  SCV  
  94  6:15  Marine x2  
  94  6:16  Marine x2  
  94  6:17  Barracks Reactor  
  99  6:18  Barracks Reactor  
  99  6:21  SCV  
  99  6:23  SCV  
  99  6:25  Siege Tank, SCV  
  105  6:28  Supply Depot  
  105  6:29  Supply Depot  
  105  6:31  Medivac x2  
  109  6:33  Combat Shield, SCV  
  109  6:34  Marine  
  109  6:35  SCV  
  109  6:38  Refinery, Marine x3  
  115  6:41  Marine  
  115  6:46  SCV  
  117  6:49  SCV x2  
  117  6:50  Factory  
  117  6:52  Marine  
  120  6:55  Supply Depot  
  120  6:57  Supply Depot, Marine x2  
  122  7:02  Marine x6  
  128  7:12  Marine  
  128  7:14  Supply Depot, Terran Vehicle Weapons Level 1  
  128  7:15  Marine x2  
  131  7:19  Marine  
  131  7:20  Marine x5  
  131  7:22  SCV x3  
  140  7:27  Barracks  
  140  7:28  Barracks  
  140  7:30  Barracks, Marine  
  140  7:31  Refinery  
  140  7:34  Marine x2  
  143  7:37  Marine x3  
  143  7:38  Siege Tank, Marine x3, Medivac  
  143  7:40  Factory Reactor, Medivac  
  156  7:48  Command Center  
  156  7:49  SCV  
  157  7:56  Terran Infantry Armor Level 2  
  157  7:57  SCV x2  
  159  7:59  Terran Infantry Weapons Level 2  
  158  8:06  Marine x5  
  158  8:08  Medivac  
  165  8:24  Medivac, SCV  
  165  8:26  Marine x3, SCV x2  
  164  8:30  Marine  
  164  8:31  Marine x4  
  164  8:32  Siege Tank  
  156  8:35  Marine  
  156  8:37  Widow Mine x2  
  156  8:38  Medivac  
  156  8:40  SCV x2  
  152  8:41  SCV  
  152  8:43  Barracks Tech Lab x3  
  152  8:45  Marine x3  
  153  8:52  SCV x2  
  153  8:54  Medivac  
  153  8:56  Marauder, Marine x3  
  153  8:57  Marine x2  
  153  9:00  Widow Mine x2  
  153  9:01  Planetary Fortress  
  166  9:10  Marauder x3  
  166  9:14  Marine x5  
  166  9:16  Widow Mine  
  177  9:18  Marauder, Terran Vehicle And Ship Armor Level 1  
  179  9:29  Widow Mine  
  179  9:30  Widow Mine  
  180  9:43  Ghost Academy  
  180  9:44  Refinery  
  180  9:45  Refinery  
  180  9:46  Command Center  
  180  9:47  Command Center  
  180  9:49  Marauder x3  
  186  9:58  Marauder, Marine  
  186  9:59  Marine x7  
  182  10:02  Concussive Shells  
  178  10:09  Marine  
  178  10:10  Marauder x2  
  183  10:16  Marine  
  183  10:17  Marine x3  
  187  10:23  Supply Depot, Personal Cloaking  
  187  10:24  Supply Depot  
  187  10:32  Marauder  
  187  10:33  Marauder  
  187  10:37  Marauder  
  181  10:43  Ghost  
  172  10:51  Marine x2  
  172  10:53  Ghost x2, Sensor Tower  
  177  10:57  Command Center  
  177  10:58  Ghost  
  177  10:59  Orbital Command x2  
  177  11:03  Missile Turret, Command Center  
  174  11:11  Ghost  
  174  11:13  Siege Tank  
  179  11:21  Liberator x2, Ghost  
  179  11:22  Missile Turret x2, Ghost  
  191  11:26  Ghost  
  191  11:30  Sensor Tower  
  185  11:38  Marine x5  
  185  11:39  Marine  
  190  11:40  Ghost  
  194  11:50  Ghost x2  
  194  11:51  Command Center  
  198  12:08  Ghost x2  
  198  12:12  Marine  
  198  12:15  Siege Tank, Widow Mine x2, Medivac  
  168  12:18  Ghost, Marine x4  
  168  12:19  Ghost, Command Center, Marine x3  
  179  12:25  Terran Infantry Weapons Level 3, Terran Infantry Armor Level 3, Orbital Command x2  
  179  12:38  Marauder, Missile Turret, Ghost  
  179  12:39  Missile Turret  
  179  12:44  Terran Vehicle And Ship Armor Level 2  
  184  12:47  Ghost  
  187  12:54  Liberator x2  
  190  13:14  Command Center  
  176  13:21  Ghost x2  
  176  13:22  Marine x2  
  176  13:23  Marine x3  
  176  13:25  Marine, Widow Mine  
  190  13:31  Marine  
  190  13:33  SCV x2  
  190  13:34  Marine  
  163  13:40  Marine x2  
  158  13:41  Planetary Fortress  
  143  13:50  Marauder  
  144  13:55  Marine x2  
  144  13:57  Liberator x2  
  144  13:59  Siege Tank  
  147  14:05  Barracks  
  147  14:06  Barracks  
  147  14:07  SCV  
  147  14:08  SCV  
  149  14:10  Orbital Command  
  149  14:11  SCV x2  
  151  14:30  Command Center  
  151  14:31  Siege Tank  
  154  14:32  SCV x3  
  157  14:40  SCV x2  
  157  14:41  SCV  
  157  14:43  Medivac x2  
  164  14:51  Ghost  
  156  15:07  Planetary Fortress  
  156  15:10  Refinery  
  156  15:11  Refinery  
  156  15:12  Refinery  
  156  15:13  Refinery  
  157  15:14  SCV x3  
  157  15:15  Missile Turret  
  157  15:16  Missile Turret  
  158  15:25  SCV x2  
  160  15:30  Liberator x2  
  160  15:31  Siege Tank  
  168  15:38  SCV x2  
  168  15:39  SCV x2  
  168  15:40  Missile Turret  
  171  15:43  Orbital Command  
  171  15:47  Marine x3  
  174  15:55  Factory Tech Lab  
  174  16:03  Siege Tank  
  172  16:07  Ghost x2  
  172  16:09  Barracks Tech Lab x2  
  178  16:12  Liberator  
  178  16:13  Liberator  
  178  16:17  Sensor Tower  
  179  16:34  Orbital Command  
  162  16:44  Ghost  
  162  16:46  Ghost x2  
  132  16:47  Marine x2  
  132  16:48  Marine x4  
  132  16:49  Marine  
  132  16:50  Marine x2  
  133  17:00  Siege Tank x2  
  139  17:05  Marine x2, SCV x2  
  139  17:06  Marine, SCV x2  
  139  17:07  Ghost  
  149  17:10  SCV x3  
  149  17:12  Ghost  
  149  17:14  Ghost  
  158  17:16  Terran Vehicle Weapons Level 2  
  158  17:26  Refinery  
  158  17:32  Refinery, Siege Tank  
  158  17:33  Marauder  
  158  17:34  Marine x6  
  158  17:37  Marauder  
  171  17:39  Marine  
  171  17:42  Marauder  
  171  17:43  Siege Tank  
  176  17:48  Missile Turret  
  176  17:54  Ghost  
  176  17:55  Ghost  
  176  17:57  Ghost  
  185  17:59  Refinery  
  185  18:05  Ghost  
  180  18:07  Refinery  
  186  18:12  Siege Tank  
  183  18:21  Siege Tank  
  183  18:23  Ghost x2  
  183  18:26  Ghost  
  195  18:34  Liberator  
  195  18:37  Marauder  
  198  18:59  Command Center  
  198  19:00  Command Center  
  198  19:12  Command Center x2  
  198  19:18  Orbital Command  
  198  19:28  Medivac x2  
  198  19:30  Siege Tank x2  
  182  19:37  Orbital Command  
  182  19:38  SCV x2  
  167  19:42  Ghost  
  169  19:46  Ghost x3  
  175  20:12  Marauder  
  177  20:15  Marauder x2, Marine x4  
  177  20:16  Marine x4  
  177  20:21  Siege Tank  
  192  20:27  Sensor Tower  
  192  20:39  Marauder x3  
  197  20:52  Siege Tank  
  197  20:53  Ghost  
  183  20:59  Siege Tank, Ghost  
  189  21:05  Orbital Command  
  188  21:24  Liberator x2, Siege Tank  
  197  21:37  Planetary Fortress  
  172  22:01  Siege Tank  
  172  22:02  Siege Tank  
  172  22:07  Liberator x2  
  120  22:21  Marauder  
  122  22:24  Marine x2  
  124  22:33  Siege Tank  
  124  22:34  Siege Tank  
Show
View Real Time Build Order
Export as new Build Order

FalconsSolar Zerg - Winner!

Build Orders: Hatch First, Lurkers 

Get SALT Encoding   

  12  0:00  Drone  
  13  0:12  Overlord  
  13  0:17  Drone  
  14  0:31  Drone x2  
  16  0:46  Hatchery  
  16  0:49  Drone  
  16  0:52  Drone  
  16  0:56  Drone  
  18  1:06  Extractor  
  18  1:11  Spawning Pool  
  16  1:13  Drone  
  16  1:18  Drone  
  18  1:28  Drone  
  19  1:38  Drone  
  20  1:49  Drone  
  21  1:58  Queen x2  
  21  1:59  Zergling x2  
  21  2:00  Zergling x2  
  27  2:10  Drone  
  27  2:14  Overlord  
  28  2:17  Metabolic Boost  
  28  2:27  Hatchery  
  27  2:30  Drone  
  28  2:37  Drone x2  
  28  2:38  Drone  
  28  2:42  Overlord  
  31  2:49  Queen  
  33  2:54  Drone x2  
  33  2:57  Drone  
  36  3:04  Drone  
  37  3:07  Drone x3  
  37  3:11  Drone x2  
  42  3:13  Overlord  
  42  3:16  Drone  
  42  3:18  Zergling x2  
  44  3:31  Queen  
  44  3:32  Overlord  
  46  3:37  Drone x5  
  51  3:41  Queen  
  51  3:43  Drone  
  54  3:49  Drone x2  
  54  3:51  Queen  
  58  3:57  Drone  
  58  3:59  Evolution Chamber  
  58  4:00  Drone x2  
  58  4:01  Drone  
  62  4:04  Overlord  
  62  4:12  Zergling x8  
  62  4:16  Overlord  
  66  4:18  Lair  
  66  4:21  Queen  
  66  4:22  Overlord  
  66  4:23  Drone  
  68  4:26  Drone x2  
  68  4:29  Queen  
  72  4:33  Spore Crawler  
  72  4:34  Drone x2  
  72  4:35  Extractor  
  72  4:37  Drone x2  
  74  4:39  Drone x2  
  74  4:42  Spore Crawler  
  74  4:44  Overlord  
  75  4:47  Drone  
  75  4:48  Drone  
  75  4:49  Baneling Nest, Drone  
  75  4:50  Drone  
  75  4:51  Drone  
  79  4:55  Spore Crawler  
  79  4:56  Drone x2  
  79  4:59  Drone  
  81  5:01  Overlord  
  81  5:04  Drone x2  
  81  5:05  Drone x3  
  86  5:14  Extractor  
  86  5:16  Drone  
  86  5:17  Overseer  
  85  5:22  Drone x3  
  85  5:23  Drone  
  85  5:24  Drone  
  85  5:25  Drone  
  85  5:26  Evolution Chamber  
  85  5:27  Drone  
  90  5:29  Evolution Chamber  
  90  5:30  Extractor  
  90  5:31  Extractor  
  90  5:32  Zergling x6  
  90  5:33  Centrifugal Hooks  
  91  5:35  Drone  
  91  5:37  Drone  
  91  5:38  Hatchery, Drone  
  91  5:39  Drone  
  91  5:40  Drone  
  91  5:41  Overlord  
  91  5:42  Drone x2  
  96  5:45  Zergling x2  
  97  5:55  Zergling x6  
  97  5:57  Zerg Melee Weapons Level 1, Zerg Ground Armor Level 1  
  97  6:00  Drone x3  
  100  6:04  Overlord  
  100  6:09  Drone  
  101  6:11  Zergling x8  
  101  6:17  Drone x3  
  104  6:22  Zergling x2  
  104  6:23  Overlord x2  
  105  6:32  Zergling x6  
  108  6:35  Hydralisk Den  
  108  6:37  Baneling x10  
  108  6:38  Baneling  
  108  6:39  Drone x2  
  109  6:44  Hatchery, Drone x4  
  109  6:45  Zergling x4  
  114  6:48  Extractor  
  114  6:51  Zergling x10  
  114  6:52  Queen  
  120  6:54  Overlord  
  120  6:58  Zergling x2  
  120  7:01  Zergling x4  
  123  7:04  Overlord  
  123  7:05  Baneling x4  
  123  7:08  Drone x2  
  125  7:09  Drone  
  125  7:10  Grooved Spines, Zergling x4  
  125  7:14  Overlord, Hydralisk x3  
  134  7:15  Hydralisk  
  134  7:16  Hydralisk  
  134  7:17  Zergling x2  
  134  7:20  Zergling x2  
  134  7:21  Zergling x2  
  141  7:24  Zergling x10  
  141  7:27  Overlord  
  146  7:31  Queen  
  146  7:36  Drone  
  149  7:37  Drone  
  149  7:38  Drone  
  149  7:39  Drone  
  149  7:41  Hydralisk x2  
  149  7:42  Hydralisk, Zergling x4  
  160  7:44  Overlord x2  
  160  7:48  Zergling x4  
  161  7:53  Infestation Pit  
  161  7:55  Zerg Ground Armor Level 2, Zerg Melee Weapons Level 2  
  160  7:59  Zergling x8, Spore Crawler  
  160  8:00  Baneling x4, Muscular Augments  
  160  8:04  Zergling x10  
  165  8:08  Zergling x8  
  167  8:15  Hydralisk x4  
  160  8:30  Zergling x16  
  160  8:32  Hive  
  146  8:35  Zergling x14  
  146  8:38  Zergling x6  
  149  8:47  Lurker Den  
  148  8:48  Zergling x2  
  148  8:49  Zergling x4  
  148  8:51  Baneling x4, Pneumatized Carapace  
  148  8:53  Hydralisk x2  
  148  8:55  Zergling x4  
  154  8:56  Drone  
  154  8:59  Baneling x5  
  154  9:02  Extractor  
  154  9:04  Zergling x4  
  154  9:05  Zergling x8  
  154  9:09  Hatchery  
  159  9:13  Drone x3  
  159  9:16  Hydralisk x2  
  162  9:17  Zergling x10  
  162  9:22  Zergling x6  
  171  9:25  Overlord  
  171  9:27  Overlord  
  171  9:29  Baneling x3  
  171  9:30  Drone  
  171  9:31  Drone  
  169  9:38  Overseer  
  165  9:39  Hydralisk x3  
  165  9:40  Zergling x6  
  165  9:41  Baneling  
  165  9:42  Baneling x3  
  165  9:44  Baneling  
  165  9:45  Baneling x4  
  174  9:46  Baneling x2  
  174  9:47  Viper  
  174  9:51  Drone x4  
  181  9:54  Extractor  
  171  10:00  Zergling x20  
  171  10:03  Zergling x2  
  171  10:04  Zergling x2  
  181  10:09  Seismic Spines, Adrenal Glands  
  181  10:10  Drone  
  181  10:13  Zerg Missile Weapons Level 1  
  181  10:14  Drone x4  
  186  10:16  Zergling x6  
  189  10:27  Zergling x2  
  189  10:28  Zergling x18  
  199  10:34  Baneling x9  
  193  10:36  Zerg Ground Armor Level 3  
  193  10:40  Zergling x2  
  193  10:41  Zergling x12  
  190  10:51  Baneling x6  
  189  11:05  Zergling x6  
  189  11:06  Zergling x16  
  195  11:12  Hatchery  
  195  11:15  Zergling x10  
  195  11:17  Adaptive Talons  
  199  11:22  Overseer x3  
  196  11:31  Zergling x38  
  194  11:37  Zergling x6  
  185  11:40  Zergling x2  
  185  11:41  Zergling x6  
  178  11:47  Zergling x8  
  178  11:49  Nydus Network  
  178  11:52  Zergling x2  
  178  11:53  Overlord  
  172  11:54  Baneling x6  
  172  11:55  Hydralisk x6  
  184  12:01  Zergling x8  
  177  12:08  Zerg Melee Weapons Level 3  
  177  12:10  Hatchery  
  177  12:12  Zergling x12  
  177  12:15  Zergling x6  
  163  12:19  Hydralisk  
  163  12:20  Unknown  
  163  12:21  Zergling x8  
  168  12:25  Lurker x5  
  168  12:28  Hydralisk x3  
  168  12:29  Zergling x6  
  182  12:30  Nydus Canal  
  182  12:36  Drone x6  
  188  12:42  Overlord  
  188  12:44  Overlord  
  188  12:45  Overseer  
  188  12:47  Overlord  
  188  12:50  Nydus Canal  
  188  12:52  Zergling x8  
  192  13:01  Hatchery  
  192  13:02  Zergling x16  
  199  13:06  Spore Crawler  
  199  13:09  Drone  
  199  13:12  Zerg Missile Weapons Level 2  
  199  13:14  Drone  
  184  13:20  Drone  
  184  13:21  Hydralisk x2  
  184  13:22  Zergling x24  
  184  13:23  Zergling x4  
  194  13:29  Zergling x2  
  194  13:30  Zergling x8  
  194  13:31  Nydus Canal  
  179  13:36  Zergling x14  
  179  13:41  Overseer x2  
  171  13:44  Zergling x16  
  171  13:48  Hydralisk  
  170  13:51  Hydralisk  
  171  13:55  Hydralisk x2  
  171  13:56  Hydralisk x2, Zergling x2  
  171  13:57  Zergling x4  
  171  14:00  Zergling x2  
  171  14:01  Drone x2  
  171  14:02  Drone  
  186  14:04  Overlord  
  186  14:07  Zergling x8  
  190  14:13  Zergling x6  
  190  14:14  Zergling x4  
  190  14:15  Baneling x9, Spore Crawler  
  190  14:21  Nydus Canal  
  190  14:22  Zergling x10  
  181  14:24  Hydralisk x3  
  181  14:25  Zergling x4  
  181  14:27  Zergling x2  
  181  14:28  Zergling x2  
  183  14:40  Zergling x20  
  193  14:50  Hatchery  
  193  14:51  Hydralisk x4  
  188  15:05  Zergling x34  
  182  15:10  Infestor x3  
  185  15:15  Burrow  
  185  15:16  Baneling x15  
  185  15:19  Zergling x10  
  187  15:24  Hydralisk x3  
  187  15:25  Zergling x2  
  187  15:26  Zergling x2  
  192  15:29  Zergling x4  
  192  15:32  Overlord x2  
  192  15:33  Overseer  
  192  15:34  Overseer  
  193  15:37  Overlord  
  190  15:53  Zergling x14  
  190  15:54  Zergling x4  
  199  15:57  Baneling x16  
  198  16:07  Hydralisk  
  198  16:13  Zergling x8  
  198  16:14  Zergling x2  
  195  16:19  Nydus Canal  
  195  16:21  Lurker x5  
  200  16:28  Spore Crawler  
  200  16:32  Viper x2  
  194  16:34  Drone x2  
  182  16:40  Zergling x34  
  182  16:45  Hydralisk x15  
  197  16:52  Zergling x18  
  185  16:54  Zergling x2  
  185  16:55  Zergling x4  
  185  16:56  Zergling x2  
  189  17:06  Baneling x7  
  189  17:07  Baneling x7  
  189  17:10  Spore Crawler  
  189  17:11  Hydralisk x4  
  189  17:12  Zergling x8  
  200  17:21  Baneling x2  
  200  17:38  Baneling x6  
  200  17:42  Zergling x2  
  199  17:51  Zergling x12  
  199  17:52  Zergling x10  
  198  18:00  Zergling x14  
  198  18:03  Zergling x28  
  194  18:34  Zergling x2  
  194  18:35  Zergling x10  
  200  18:44  Hydralisk x2  
  200  18:48  Zergling x10  
  198  18:52  Zergling x4  
  200  19:08  Baneling x7, Zerg Missile Weapons Level 3  
  200  19:14  Hatchery  
  200  19:16  Nydus Canal  
  199  19:18  Overseer  
  199  19:19  Overseer  
  168  19:31  Zergling x8  
  168  19:34  Zergling x24  
  168  19:37  Zergling x20  
  169  19:38  Zergling x28  
  178  19:47  Hydralisk x2, Zergling x2  
  178  19:48  Zergling x10  
  187  19:56  Zergling x16  
  185  20:01  Baneling x15  
  185  20:02  Baneling x11, Hydralisk x2  
  185  20:03  Zergling x2  
  185  20:06  Zergling x18  
  199  20:12  Infestor  
  199  20:14  Nydus Canal  
  199  20:32  Drone, Spore Crawler  
  199  20:35  Drone  
  196  20:44  Zergling x2  
  196  20:45  Zergling x8  
  193  20:55  Zergling x16  
  181  20:58  Zergling x34  
  181  20:59  Zergling x2  
  181  21:00  Overlord x4  
  181  21:02  Baneling x3  
  181  21:03  Baneling x6  
  185  21:19  Zergling x34  
  198  21:37  Baneling x2  
  198  21:38  Hydralisk, Overseer x2  
  200  21:42  Extractor  
  200  21:44  Extractor  
  200  21:45  Extractor  
  197  21:49  Hydralisk  
  197  21:50  Spore Crawler  
  197  22:00  Zergling x8  
  197  22:01  Zergling x14  
  174  22:03  Zergling x40  
  174  22:09  Hydralisk  
  174  22:13  Hydralisk x5  
  171  22:18  Zergling x6, Extractor  
  171  22:21  Hydralisk  
  173  22:26  Baneling x8, Hydralisk x3  
  173  22:28  Zergling x14  
  185  22:34  Zergling x14  
  185  22:35  Baneling  
  185  22:37  Zergling x4  
  192  22:40  Hydralisk x2  
Tags
 
Add a new tag
Caveats
  • Supply blocks, unpowered buildings, or Contaminate may cause inaccurate times.
  • Supply counts are checked every 10 seconds.